 Dungeon Crawl Stone Soup version 0.30-a0-1008-g30c9307041 (webtiles) character file.

Game seed: 7177443903454125371

12728 Sobieck the Covert (level 12, -5/75 HPs)
             Began as a Kobold Earth Elementalist on Apr 5, 2023.
             Was a Priest of Wu Jian.
             Slain by a manticore (7 damage)
             ... on level 11 of the Dungeon.
             The game lasted 00:34:10 (15565 turns).

Sobieck the Covert (Kobold Earth Elementalist)     Turns: 15565, Time: 00:34:10

Health: -5/75      AC: 11    Str:  6    XL:     12   Next: 23%
Magic:  9/18       EV: 15    Int: 20    God:    Wu Jian [***...]
Gold:   174        SH:  5    Dex: 16    Spells: 9/19 levels left

rFire   . . .      SeeInvis +    a - +0 rapier (spect) {short}
rCold   . . .      Faith    .    z - +0 buckler
rNeg    . . .      Spirit   .    q - +2 leather armour {rPois}
rPois   +          Reflect  .    y - +2 helmet
rElec   .          Rampage  .    (no cloak)
rCorr   .                        A - +2 pair of gloves
Will    .....                    (no boots)
Stlth   +++++                    c - amulet of regeneration {@e2}
HPRegen 1.12/turn                o - ring of flight
MPRegen 0.16/turn                W - ring of see invisible

@: flying, very slightly contaminated
A: small, no large weapons, nightstalker 3
a: Renounce Religion, Wall Jump, Serpent's Lash


You were on level 11 of the Dungeon.
You worshipped Wu Jian.
Wu Jian was most pleased with you.
You visited 2 branches of the dungeon, and saw 12 of its levels.
You also visited: Gauntlet.

You collected 713 gold pieces.
You spent 539 gold pieces at shops.


Innate Abilities, Weirdness & Mutations

You are small and have problems with some larger weapons.
You are completely attuned to the shadows.


   Skills:
 + Level 8.4 Fighting
 + Level 8.9 Short Blades
 - Level 6.0 Dodging
 - Level 10.0 Stealth
 - Level 3.0 Shields
 - Level 4.0 Spellcasting
 - Level 4.0 Conjurations
 + Level 7.8 Transmutations
 - Level 8.0 Earth Magic
 - Level 6.0 Evocations


You had 9 spell levels left.
You knew the following spells:

 Your Spells              Type           Power      Damage    Failure   Level
a - Sandblast             Erth           72%        2d16      1%          1
b - Passwall              Tmut/Erth      29%        N/A       1%          2
c - Stone Arrow           Conj/Erth      56%        3d10      8%          3
d - Petrify               Tmut/Erth      35%        N/A       12%         4

Your spell library contained the following spells:

 Spells                   Type           Power      Damage    Failure   Level
 Passage of Golubria      Tloc           4%         N/A       96%         4
 Silence                  Hex/Air        2%         N/A       100%        5
 Lehudib's Crystal Spear  Conj/Erth      14%        10d5      100%        8

Inventory:

Hand Weapons
 a - a +0 spectral rapier (weapon) {short}
   (You found it on level 1 of the Dungeon)
 b - the +8 dagger of the Gazing Priest {drain, rElec rF+ rC+ rCorr, short}
   (You bought it in a shop on level 10 of the Dungeon)

   rF:        It protects you from fire.
   rC:        It protects you from cold.
   rElec:     It insulates you from electricity.
   rCorr:     It protects you from acid and corrosion.
 u - a +3 spectral club {mace}
   (You took it off Ijyb on level 2 of the Dungeon)
 Q - a +2 whip of freezing {mace}
   (You took it off Pikel on level 4 of the Dungeon)
 S - a +2 dagger of electrocution {short}
   (You took it off a goblin on level 1 of the Dungeon)
Missiles
 d - a curare-tipped dart {=fthrowing}
 h - 3 throwing nets {=f!fthrowing}
 j - 39 poisoned darts {throwing}
 p - 2 boomerangs {throwing}
Armour
 q - a +2 leather armour of poison resistance (worn)
   (You took it off a gnoll bouda on level 6 of the Dungeon)
 y - a +2 helmet (worn)
   (You took it off Robin on level 2 of the Dungeon)
 z - a +0 buckler (worn)
   (You found it on level 7 of the Dungeon)
 A - a +2 pair of gloves (worn)
   (You found it on level 3 of the Dungeon)
 P - a +0 leather armour
   (You took it off an orc on level 4 of the Dungeon)
 Y - a +0 ring mail
   (You took it off an orc on level 5 of the Dungeon)
 Z - a +0 leather armour
   (You took it off an orc priest on level 5 of the Dungeon)
Magical Staves
 E - a staff of death {!astaff}
   (You found it on level 6 of the Dungeon)
 U - the staff of fire "Viamunt" {rF+ Dex+3 SInv, !astaff}
   (You found it on level 5 of the Dungeon)

   [staff of fire]

   Base accuracy: +5 Base damage: 5 Base attack delay: 1.2 This weapon's minimum
   attack delay (0.6) is reached at skill level 12.
   Dex:       It affects your dexterity (+3).
   rF:        It protects you from fire.
   SInv:      It lets you see invisible.
   It falls into the 'Staves' category.
   It is a two-handed weapon.
Jewellery
 c - an amulet of regeneration (around neck) {@e2}
   (You took it off a gnoll bouda on level 6 of the Dungeon)
 o - a ring of flight (left hand)
   (You found it on level 6 of the Dungeon)
 x - an amulet of faith {!P}
   (You found it on level 6 of the Dungeon)
 I - a ring of ice
   (You took it off Fannar on level 11 of the Dungeon)
 J - an amulet of the acrobat
   (You took it off an orc on level 3 of the Dungeon)
 V - an amulet of magic regeneration {@e2}
   (You found it on level 5 of the Dungeon)
 W - a ring of see invisible (right hand)
   (You found it on level 10 of the Dungeon)
Wands
 l - a wand of digging (1)
   (You found it on level 7 of the Dungeon)
 t - a wand of quicksilver (9)
   (You found it on level 2 of the Dungeon)
 w - a wand of flame (24)
   (You took it off Ijyb on level 2 of the Dungeon)
 C - a wand of charming (22)
   (You found it on level 3 of the Dungeon)
 D - a wand of mindburst (1)
   (You took it off an orc priest on level 10 of the Dungeon)
 N - a wand of iceblast (17)
   (You found it on level 4 of the Dungeon)
 R - a wand of polymorph (3)
   (You found it on level 9 of the Dungeon)
Scrolls
 e - 4 scrolls of teleportation {@r4}
 g - 3 scrolls of fog
 s - 5 scrolls of poison {!r}
 B - a scroll of magic mapping {!r}
 L - 4 scrolls of immolation {!r!r}
 M - a scroll of blinking {!r}
 T - a scroll of enchant armour
 X - 2 scrolls of fear
Potions
 f - 6 potions of curing {@q1}
 k - 3 potions of might
 m - 2 potions of invisibility
 n - 2 potions of mutation {!q}
 r - 4 potions of flight
 F - a potion of attraction {!q}
 G - a potion of brilliance
 H - 2 potions of cancellation {unknown}
 K - 2 potions of lignification {!q}
 O - 4 potions of haste {@q3}
Miscellaneous
 v - a condenser vane
   (You found it on level 9 of the Dungeon)

Dungeon Overview and Level Annotations

Branches:
Dungeon (11/15) Zot: 26157  Temple (1/1) D:6 Zot: 5847 Gauntlet (visited)
   Lair: D:8-11         Orc: D:9-12

Altars:
Ashenzari
Cheibriados
Dithmenos
Elyvilon
Fedhas
Gozag
Hepliaklqana
Kikubaaqudgha
Makhleb
Nemelex Xobeh
Okawaru
Qazlal
Ru
Sif Muna
Trog
Uskayaw
Vehumet
Wu Jian
Xom
Yredelemnul
Zin
The Shining One

Shops:
D:7 :   D:10 ((?:

Annotations:
D:5 3 runed translucent doors
D:8 1 runed translucent door, CowFu's ghost, novice DrTm
D:9 3 runed translucent doors, Rudyous's ghost, novice DjFE

### ########## ..#
###........#### ..####
#.......§...... .....#
#..[......§.... .....#
#.......@H§.... .....#
#..............
.....####..............
.......................
..........###########..
##........# #........#
#........# #.[#####.#


You could see a manticore.


Message History

You spin and attack the centaur warrior.
You hit the centaur warrior but do no damage.
You spin and attack the centaur.
You puncture the centaur!
You spin and attack the centaur.
You hit the centaur.
You spin and attack the centaur repeatedly.
You hit the centaur but do no damage. You hit the centaur.
Your +0 spectral rapier {short} hits the centaur warrior but does no damage.
You block the centaur's attack. The centaur kicks you.
* * * LOW HITPOINT WARNING * * *
The centaur warrior hits you.
* * * LOW HITPOINT WARNING * * *
The centaur warrior barely misses you. The centaur misses you.
You block the centaur's attack.
The centaur unwields a +0 shortbow.
The centaur barely misses you. You block the centaur's attack.
The centaur hits you but does no damage.
The centaur misses you.
The centaur unwields a +0 shortbow.
The centaur misses you. The centaur kicks you.
* * * LOW HITPOINT WARNING * * *
The centaur warrior barely misses you.
The centaur warrior kicks you but does no damage.
The centaur hits you but does no damage.
The centaur misses you.
The centaur unwields a +0 shortbow.
The centaur misses you.
The centaur kicks you but does no damage.
Unknown command.
As you read the scroll of fear, it crumbles to dust.
You assume a fearsome visage.
The centaur warrior looks frightened!
The centaur looks frightened! x5; The manticore resists with some effort.
Unknown command.
You feel much better. The manticore bites you!
* * * LOW HITPOINT WARNING * * *
The manticore closely misses you. You block the manticore's attack.
You feel much better. The manticore bites you.
The manticore closely misses you. You block the manticore's attack.
Unknown command.
Unknown command.
You hit the manticore but do no damage.
Your +0 spectral rapier {short} hits the manticore.
The manticore closely misses you.
The manticore claws you but does no damage.
The manticore completely misses you.
Unknown command.
You hit the manticore.
Your +0 spectral rapier {short} closely misses the manticore.
You carefully extract the barbed spikes from your body.
The manticore closely misses you. The manticore claws you.
* * * LOW HITPOINT WARNING * * *
The manticore claws you!
* * * LOW HITPOINT WARNING * * *
Unknown command.
You hit the manticore.
Your +0 spectral rapier {short} hits the manticore but does no damage.
The manticore completely misses you. The manticore misses you.
The manticore claws you.
* * * LOW HITPOINT WARNING * * *
Unknown command.
You puncture the manticore!
Your +0 spectral rapier {short} hits the manticore.
Unknown command.
Casting: Passwall (safe; 1% risk of failure)
Confirm with . or Enter, or press ? or * to list all spells.
You aren't next to any passable walls.
The manticore completely misses you. You block the manticore's attack.
The manticore claws you!
* * * LOW HITPOINT WARNING * * *
Casting: Passwall (safe; 1% risk of failure)
Confirm with . or Enter, or press ? or * to list all spells.
Okay, then.
Unknown command.
Casting: Passwall (safe; 1% risk of failure)
Confirm with . or Enter, or press ? or * to list all spells.
Aiming: Stone Arrow (dangerous; 8% risk of failure)
Press: ? - help, Shift-Dir - straight line, f - manticore
Aim: a manticore (moderately wounded, 83% to hit)
The stone arrow hits the manticore!!
The manticore bites you but does no damage.
The manticore misses you. The manticore barely misses you.
Casting: Stone Arrow (dangerous; 8% risk of failure)
Confirm with . or Enter, or press ? or * to list all spells.
Aiming: Stone Arrow (dangerous; 8% risk of failure)
Press: ? - help, Shift-Dir - straight line, f/p - manticore
Aim: a manticore (severely wounded, 83% to hit)
The stone arrow hits the manticore!
You feel less exhausted. The manticore closely misses you.
The manticore barely misses you. The manticore claws you.
* * * LOW HITPOINT WARNING * * *
Casting: Stone Arrow (dangerous; 8% risk of failure)
Confirm with . or Enter, or press ? or * to list all spells.
Aiming: Stone Arrow (dangerous; 8% risk of failure)
Press: ? - help, Shift-Dir - straight line, f/p - manticore
Aim: a manticore (almost dead, 83% to hit)
You miscast Stone Arrow.
You are very lightly contaminated with residual magic.
Nothing appears to happen.
The manticore bites you!!
* * * LOW HITPOINT WARNING * * *
The manticore claws you.
* * * LOW HITPOINT WARNING * * *
The manticore claws you!
You die...

Skill      XL: |  1  2  3  4  5  6  7  8  9 10 11 12 |
---------------+-------------------------------------+-----
Stealth        | 3 4 5 6 8 10 | 10.0
Fighting       | 1 2 3 4 5 6 7 8 |  8.4
Short Blades   | 1 2 3 4 5 6 8 |  8.9
Earth Magic    | 4 5 6 8 |  8.0
Evocations     | 2 3 5 6 |  6.0
Dodging        | 3 4 6 |  6.0
Spellcasting   | 3 4 |  4.0
Transmutations | 2 4 6 7 |  7.8
Conjurations   | 4 |  4.0
Shields        | 3 |  3.0

Action                     |  1- 3 |  4- 6 |  7- 9 | 10-12 || total
---------------------------+-------+-------+-------+-------++-------
  Melee: Unarmed           |     3 |       |       |       ||     3
         Dagger            |     4 |    26 |    37 |   206 ||   273
         Punch             |       |       |     1 |     1 ||     2
         Rapier            |       |       |       |   206 ||   206
  Throw: Dart              |       |       |       |     5 ||     5
   Cast: Sandblast         |    38 |   127 |   188 |   148 ||   501
         Passwall          |     2 |       |     6 |     5 ||    13
         Petrify           |       |       |       |     7 ||     7
         Stone Arrow       |       |       |       |     7 ||     7
 Invoke: Serpent's Lash    |       |       |       |     2 ||     2
Ability: Lunge             |       |       |       |    29 ||    29
         Whirlwind         |       |       |       |    73 ||    73
         Wall Jump         |       |       |       |     6 ||     6
  Evoke: Wand              |       |     2 |       |       ||     2
    Use: Scroll            |       |    10 |     7 |    10 ||    27
         Potion            |       |       |       |     4 ||     4
   Stab: Sleeping          |     2 |     2 |     7 |    23 ||    34
         Petrified         |       |       |       |     4 ||     4
         Distracted        |       |       |       |     3 ||     3
 Armour: Robe              |     1 |     8 |    24 |       ||    33
         Leather armour    |       |       |     2 |   149 ||   151
  Dodge: Dodged            |    32 |    64 |    89 |   363 ||   548
  Block: Buckler           |       |       |       |    91 ||    91

Levels and vault maps discovered:
D:1:      dpeg_arrival_pits, layout_basic
D:2:      layout_loops_ring, uniq_jessica
D:3:      minmay_bubble_buster, layout_loops_ring, trog_butcher_becter,
          nicolae_goblin_pals, uniq_robin
D:4:      layout_loops_ring, uniq_pikel, uniq_pargi, uniq_menkaure
D:5:      layout_basic, ebering_ghost_rock_garden, uniq_ijyb
D:6:      layout_loops_ring, minmay_temple_entry_junction, minmay_crossroads,
          uniq_sigmund
D:7:      minmay_razor_zed, layout_basic, chequers_serial_rivers_micro_c,
          grunt_decor_fettered, grunt_ministairs_5, nrook_loot_triangle,
          nicolae_shop_i_like_big_books
D:8:      layout_loops_corners, ebering_ghost_funeral_grove, serial_rivers,
          chequers_serial_rivers_room_b, chequers_serial_rivers_small_b,
          chequers_serial_rivers_micro_d, chequers_serial_rivers_micro_b,
          chequers_serial_rivers_small_3, chequers_serial_rivers_marsh
D:9:      layout_rooms, biasface_ghost_orc_armoury, uniq_amaemon
D:10:     dreamdust_cave_troll, layout_basic, serial_shops, shop,
          nicolae_diamond_shop, nicolae_shop_bloodbath_and_beyond,
          nicolae_shop_trees, corner_web_ring, dk_vineyard_1
D:11:     layout_irregular_city, dpeg_oklobed_lair, gauntlet_entry_generic,
          demons_altar, uniq_fannar
Temple:   regret_index_temple_sigil_plot

Notes
Turn   | Place    | Note
-------+----------+-------------------------------------------
     0 | D:1      | Sobieck the Kobold Earth Elementalist began the quest for
                  | the Orb.
     0 | D:1      | Reached XP level 1. HP: 10/10 MP: 3/3
   163 | D:1      | Reached skill level 3 in Stealth
   219 | D:1      | Reached XP level 2. HP: 16/16 MP: 1/5
   223 | D:1      | Learned a level 2 spell: Passwall
   559 | D:1      | Reached skill level 1 in Fighting
   591 | D:1      | Reached skill level 1 in Short Blades
   912 | D:1      | Reached XP level 3. HP: 13/20 MP: 0/6
  1226 | D:1      | HP: 2/20 [orc/+0 whip (4)]
  1321 | D:2      | Reached XP level 4. HP: 25/25 MP: 3/7
  1500 | D:2      | Reached skill level 2 in Short Blades
  1829 | D:2      | Reached skill level 4 in Stealth
  1924 | D:2      | Reached skill level 2 in Fighting
  1933 | D:2      | Noticed Jessica
  1942 | D:2      | Killed Jessica
  1943 | D:2      | Reached XP level 5. HP: 30/30 MP: 8/8
  2251 | D:3      | Reached skill level 3 in Short Blades
  2350 | D:3      | Noticed Ijyb
  2469 | D:2      | Killed Ijyb
  2470 | D:2      | Reached skill level 4 in Earth Magic
  2569 | D:3      | Noticed Robin
  2584 | D:2      | Killed Robin
  2585 | D:2      | Reached XP level 6. HP: 34/36 MP: 6/9
  2987 | D:3      | Reached skill level 5 in Stealth
  3352 | D:3      | Reached skill level 3 in Fighting
  3372 | D:3      | Found a bloodstained altar of Trog.
  3720 | D:3      | Reached skill level 4 in Short Blades
  4103 | D:4      | Noticed Menkaure
  4105 | D:4      | Noticed Pargi
  4106 | D:4      | Killed Menkaure
  4107 | D:4      | Reached skill level 5 in Earth Magic
  4107 | D:4      | Reached XP level 7. HP: 41/41 MP: 5/10
  4169 | D:4      | Killed Pargi
  4539 | D:4      | Reached skill level 1 in Evocations
  4646 | D:4      | Reached skill level 3 in Dodging
  5199 | D:4      | Noticed Pikel
  5211 | D:4      | Killed Pikel
  5212 | D:4      | Reached skill level 4 in Fighting
  5212 | D:4      | Reached skill level 5 in Short Blades
  5212 | D:4      | Reached skill level 6 in Stealth
  5212 | D:4      | Reached skill level 3 in Spellcasting
  5212 | D:4      | Reached skill level 2 in Transmutations
  5212 | D:4      | Reached skill level 2 in Evocations
  5212 | D:4      | Reached XP level 8. HP: 15/48 MP: 0/12
  5502 | D:5      | Entered Level 5 of the Dungeon
  5570 | D:5      | Noticed a shadow
  5579 | D:5      | Killed a shadow
  5580 | D:5      | Reached skill level 4 in Dodging
  5580 | D:5      | Reached skill level 3 in Evocations
  5797 | D:5      | Identified the staff of fire "Viamunt" {rF+ Dex+3 SInv}
  6161 | D:5      | Reached XP level 9. HP: 52/52 MP: 8/13
  6165 | D:5      | Learned a level 3 spell: Stone Arrow
  6293 | D:5      | Reached skill level 3 in Transmutations
  6439 | D:5      | Reached skill level 6 in Earth Magic
  6669 | D:5      | Found a runed translucent gate.
  6669 | D:5      | Found a runed translucent gate.
  6670 | D:5      | Found a runed translucent gate.
  7339 | D:6      | Reached skill level 7 in Stealth
  7356 | D:6      | Reached skill level 4 in Evocations
  7363 | D:6      | Reached skill level 6 in Short Blades
  7394 | D:6      | Reached skill level 5 in Fighting
  7894 | D:6      | Found a staircase to the Ecumenical Temple.
  7900 | Temple   | Entered the Ecumenical Temple
  8032 | Temple   | Became a worshipper of the Wu Jian Council
  8074 | D:6      | Reached skill level 4 in Transmutations
  8143 | D:6      | Noticed Sigmund
  8149 | D:6      | Killed Sigmund
  8150 | D:6      | Reached skill level 5 in Evocations
  8245 | D:6      | Reached skill level 8 in Stealth
  8501 | D:6      | Reached XP level 10. HP: 60/60 MP: 14/14
  8886 | D:7      | Reached skill level 6 in Fighting
  8975 | D:7      | Reached skill level 7 in Earth Magic
  9039 | D:7      | Reached skill level 5 in Transmutations
  9141 | D:7      | Reached skill level 6 in Evocations
  9195 | D:6      | Learned a level 4 spell: Petrify
  9386 | D:7      | Reached skill level 1 in Conjurations
  9425 | D:7      | Reached * piety under Wu Jian
  9554 | D:7      | Reached skill level 2 in Conjurations
  9677 | D:7      | Found Gugum's Tremendous Tomes.
 10216 | D:7      | Reached skill level 6 in Transmutations
 10393 | D:7      | Reached skill level 3 in Conjurations
 10400 | D:7      | Reached skill level 8 in Earth Magic
 10475 | D:7      | Reached skill level 1 in Shields
 11086 | D:8      | Found a runed translucent door.
 11147 | D:8      | Reached ** piety under Wu Jian
 11152 | D:8      | Reached skill level 2 in Shields
 11152 | D:8      | Reached skill level 4 in Conjurations
 11170 | D:8      | You pick up a book of the Moon and begin reading...
 11170 | D:8      | You add the spells Passage of Golubria, Silence and
                  | Lehudib's Crystal Spear to your library.
 11741 | D:8      | Noticed CowFu's ghost (novice DrTm)
 11741 | D:8      | Identified the +8 spear "Viuxtaug" {drain, rCorr Str+2
                  | Dex+3}
 11791 | D:9      | Reached skill level 3 in Shields
 11791 | D:9      | Reached XP level 11. HP: 64/64 MP: 15/15
 11791 | D:9      | Noticed Amaemon
 11882 | D:8      | Killed Amaemon
 12150 | D:9      | Reached skill level 5 in Dodging
 12210 | D:8      | Reached skill level 7 in Short Blades
 12210 | D:8      | Reached skill level 4 in Spellcasting
 12295 | D:9      | HP: 12/66 [steam dragon] (9)]
 12296 | D:9      | Reached *** piety under Wu Jian
 12838 | D:8      | Reached skill level 9 in Stealth
 12894 | D:8      | Reached skill level 7 in Fighting
 13000 | D:9      | Found a runed translucent gate.
 13000 | D:9      | Found a runed translucent gate.
 13000 | D:9      | Found a runed translucent gate.
 13001 | D:9      | Noticed Rudyous's ghost (novice DjFE)
 13289 | D:10     | Entered Level 10 of the Dungeon
 13513 | D:10     | Found Ezotzyxt's Magic Scroll Boutique.
 13518 | D:10     | Bought a scroll of identify for 22 gold pieces
 13518 | D:10     | Bought a scroll of identify for 22 gold pieces
 13518 | D:10     | Bought a scroll of identify for 22 gold pieces
 13518 | D:10     | Bought a scroll of teleportation for 33 gold pieces
 13518 | D:10     | Bought a scroll of identify for 22 gold pieces
 13522 | D:10     | Bought a scroll of enchant armour for 82 gold pieces
 13522 | D:10     | Bought a scroll of fear for 44 gold pieces
 13522 | D:10     | Bought a scroll of enchant armour for 82 gold pieces
 13641 | D:10     | Found Ucarch's Antique Weapon Shop.
 13646 | D:10     | Bought an encrusted dagger for 210 gold pieces
 13646 | D:10     | Identified the +8 dagger of the Gazing Priest {drain, rElec
                  | rF+ rC+ rCorr} (You bought it in a shop on level 10 of the
                  | Dungeon)
 13738 | D:10     | Found Saufasauxt's Weapon Emporium.
 13746 | D:10     | Reached skill level 7 in Transmutations
 13898 | D:10     | Found Liutifu's Book Emporium.
 14385 | D:10     | Noticed a deep troll
 14393 | D:10     | Killed a deep troll
 14394 | D:10     | Reached skill level 6 in Dodging
 14442 | D:11     | Found a gate leading to a gauntlet.
 14448 | Gauntlet | Entered a Gauntlet
 14448 | Gauntlet | Noticed a catoblepas
 14448 | Gauntlet | Noticed a large abomination
 14449 | Gauntlet | Noticed a large abomination
 14456 | Gauntlet | Found a transporter.
 14456 | Gauntlet | Found a transporter.
 14462 | Gauntlet | Found a transporter.
 14464 | Gauntlet | Noticed a tengu warrior
 14466 | Gauntlet | Found a runed translucent door.
 14476 | Gauntlet | Noticed a moth of wrath
 14486 | Gauntlet | Found a transporter.
 14536 | Gauntlet | Found a transporter.
 14550 | Gauntlet | Found a transporter.
 14566 | Gauntlet | Found a transporter.
 14597 | Gauntlet | Found a transporter.
 14615 | Gauntlet | Found a transporter.
 14615 | Gauntlet | Found a transporter.
 14648 | Gauntlet | Found a transporter.
 14648 | Gauntlet | Found a transporter.
 14792 | D:11     | Reached skill level 8 in Short Blades
 14822 | D:11     | Noticed a boulder beetle
 14845 | D:11     | Killed a boulder beetle
 14846 | D:11     | Reached skill level 10 in Stealth
 14846 | D:11     | Reached XP level 12. HP: 51/73 MP: 6/18
 14959 | D:11     | Found a burning altar of Makhleb.
 14959 | D:11     | HP: 15/73 [smoke demon/ball of steam (16)]
 14961 | D:11     | Reached skill level 8 in Fighting
 15338 | D:11     | Noticed Fannar
 15449 | D:11     | Killed Fannar
 15547 | D:11     | Noticed a centaur warrior
 15553 | D:11     | HP: 18/75 [centaur warrior (4)]
 15554 | D:11     | HP: 4/75 [centaur warrior (5)]
 15554 | D:11     | HP: 1/75 [centaur[a centaur warrior] (3)]
 15565 | D:11     | HP: 4/75 [manticore (18)]
 15565 | D:11     | Slain by a manticore

Vanquished Creatures
  Fannar (D:11)
  A boulder beetle (D:11)
  Amaemon (D:8)
  A deep troll (D:10)
  Pikel (D:4)
  A smoke demon (D:11)
  A gargoyle (D:10)
  2 unseen horrors (D:11)
  An orange demon (D:9)
  A troll (D:8)
  Sigmund (D:6)
  2 shadows
  12 yaks
  2 steam dragons
  2 vampire mosquitoes (D:11)
  An acid dragon (D:9)
  Menkaure (D:4)
  A water moccasin (D:6)
  Pargi (D:4)
  4 orc warriors
  4 sky beasts
  2 ice beasts
  3 black bears
  6 centaurs
  2 lemures (D:4)
  5 kobold brigands
  2 phantoms (D:6)
  7 bullfrogs
  3 scorpions
  18 killer bees
  6 electric eels (D:10)
  7 orc priests
  A gnoll bouda (D:6)
  4 hounds
  2 sleepcaps
  Jessica (D:2)
  Ijyb (D:2)
  9 iguanas
  11 orc wizards
  Robin (D:2)
  21 gnolls
  12 adders
  A shadow imp (D:8)
  2 white imps
  2 ufetubi
  2 worms (D:4)
  2 dart slugs (D:3)
  45 orcs
  7 endoplasms
  2 giant cockroaches
  7 goblins
  11 hobgoblins
  9 jackals
  24 kobolds
  5 quokkas
  3 ball pythons
  4 bats
  4 frilled lizards
  9 rats
305 creatures vanquished.

Vanquished Creatures (others)
  5 fungi
  24 plants
29 creatures vanquished.

Grand Total: 334 creatures vanquished

Table legend:
 A = Non-vault XP
 B = Vault XP
 C = Vault XP percentage of total XP
 D = Non-vault monster count
 E = Vault monster count
 F = Vault count percentage of total count
                 A         B        C        D         E       F
            +---------+---------+-------+---------+---------+-------
      Total |   11757 |    6426 |  35.3 |     246 |      57 |  18.8
            +---------+---------+-------+---------+---------+-------
        D:1 |      63 |       0 |   0.0 |      18 |       0 |   0.0
        D:2 |      92 |      88 |  48.9 |      19 |       3 |  13.6
        D:3 |     133 |      51 |  27.7 |      26 |      21 |  44.7
        D:4 |     235 |     988 |  80.8 |      18 |       3 |  14.3
        D:5 |     646 |       0 |   0.0 |      26 |       0 |   0.0
        D:6 |    1421 |     404 |  22.1 |      35 |       3 |   7.9
        D:7 |    1194 |    1683 |  58.5 |      26 |      22 |  45.8
        D:8 |    3186 |     768 |  19.4 |      30 |       1 |   3.2
        D:9 |    1238 |     387 |  23.8 |      22 |       1 |   4.3
       D:10 |    1592 |     754 |  32.1 |      21 |       1 |   4.5
       D:11 |    1957 |    1303 |  40.0 |       5 |       2 |  28.6
            +---------+---------+-------+---------+---------+-------

Illustrated notes

Table legend:
 A = Kills in this place as a percentage of kills in the entire game.
 B = Kills by you in this place as a percentage of kills by you in the entire game.
 C = Kills by friends in this place as a percentage of kills by friends in the entire game.
 D = Other kills in this place as a percentage of other kills in the entire game.
 E = Experience gained in this place as a percentage of experience gained in the entire game.
 F = Experience gained in this place divided by the number of levels of this place that you have seen.
                   A       B       C       D       E      F
               +-------+-------+-------+-------+-------+----------------------
         Total | 100.0 | 100.0 |   N/A |   N/A | 100.0 | 1398.7
       Dungeon | 100.0 | 100.0 |   N/A |   N/A | 100.0 | 1653.0
               +-------+-------+-------+-------+-------+----------------------

Table legend: (Time is in decaauts)
 A = Elapsed time spent in this place.
 B = Non-inter-level travel time spent in this place.
 C = Inter-level travel time spent in this place.
 D = Time resting spent in this place.
 E = Time spent auto-exploring this place.
 F = Levels seen in this place.
 G = Mean time per level.
                   A        B        C        D        E       F      G
               +--------+--------+--------+--------+--------+-----+--------+
         Total |  15771 |  14931 |    840 |   1663 |  10820 |  13 | 1213.2 |
       Dungeon |  15329 |  14509 |    820 |   1663 |  10473 |  11 | 1393.5 |
        Temple |    152 |    132 |     20 |      0 |    108 |   1 |  152.0 |
      Gauntlet |    288 |    288 |      0 |      0 |    239 |   1 |  288.0 |
               +--------+--------+--------+--------+--------+-----+--------+

Top non-repeatable levels by time:
     D:7: 2046 daAuts
     D:5: 1914 daAuts
     D:3: 1654 daAuts
     D:4: 1613 daAuts
     D:8: 1582 daAuts
     D:6: 1410 daAuts
     D:2: 1326 daAuts
     D:1: 1189 daAuts
    D:10: 1147 daAuts
    D:11: 841 daAuts
     D:9: 601 daAuts
Gauntlet: 288 daAuts
  Temple: 152 daAuts
